Map: Romanticide LE

Players

Dark

  • Race: Zerg Zerg
  • Spawn Location: 5:00

Reynor - Winner!

  • Race: Zerg Zerg
  • Spawn Location: 11:00

Event: TSL 6

VOD

Have the link to the VOD?

Description

Time

  • Played on: Dec. 19, 2020, 12:45 p.m.
  • Length: 11:51

All games in this series

Show
View Real Time Build Order
Export as new Build Order

Dark Zerg 

Build Orders: Hatch First 

Get SALT Encoding   

  12  0:00  Drone  
  13  0:12  Overlord  
  13  0:16  Drone  
  14  0:31  Drone x2  
  16  0:47  Hatchery  
  15  0:50  Drone  
  15  0:54  Drone  
  17  0:57  Drone  
  18  1:08  Extractor  
  17  1:13  Spawning Pool  
  17  1:15  Drone  
  17  1:19  Drone  
  18  1:27  Drone  
  19  1:39  Drone  
  20  1:49  Drone  
  21  1:59  Queen  
  21  2:00  Queen, Drone  
  21  2:01  Drone  
  27  2:10  Overlord  
  27  2:12  Metabolic Boost  
  28  2:15  Drone  
  28  2:29  Drone x2  
  30  2:32  Zergling x4  
  30  2:37  Hatchery  
  31  2:44  Queen  
  33  2:52  Baneling Nest  
  32  2:58  Overlord  
  32  2:59  Drone x2  
  32  3:02  Drone  
  32  3:04  Drone  
  36  3:17  Drone x5  
  41  3:25  Overlord  
  41  3:27  Drone x3  
  44  3:35  Lair  
  44  3:41  Extractor  
  44  3:45  Zergling x4  
  44  3:47  Drone x2, Evolution Chamber  
  46  3:49  Drone  
  46  3:55  Drone x3  
  48  3:56  Baneling x2  
  48  3:58  Zergling x2  
  48  4:00  Drone  
  48  4:01  Drone  
  52  4:07  Drone x3  
  55  4:11  Roach Warren  
  55  4:15  Extractor, Drone  
  55  4:16  Drone x2  
  56  4:17  Extractor  
  55  4:25  Drone x2  
  55  4:26  Drone  
  58  4:32  Baneling x4  
  58  4:37  Spine Crawler  
  58  4:38  Spine Crawler, Baneling  
  56  4:48  Drone x2  
  56  4:51  Overlord  
  58  4:54  Spire, Drone  
  58  4:55  Overlord  
  58  4:57  Overlord  
  58  4:59  Overlord  
  58  5:01  Overlord  
  58  5:03  Overlord  
  57  5:07  Overlord  
  57  5:10  Drone x5  
  57  5:11  Extractor  
  57  5:12  Drone  
  57  5:13  Drone  
  63  5:19  Drone x2  
  63  5:21  Extractor  
  63  5:30  Roach x3  
  63  5:31  Spine Crawler  
  63  5:32  Spine Crawler  
  69  5:37  Spine Crawler  
  69  5:38  Spine Crawler  
  69  5:41  Spine Crawler  
  66  5:49  Zergling x8, Spine Crawler  
  62  6:12  Mutalisk x7  
  65  6:24  Mutalisk  
  49  6:34  Zergling x2  
  49  6:35  Zergling x4  
  49  6:37  Zergling x6  
  49  6:39  Zergling x2  
  56  6:46  Drone x2  
  57  6:51  Drone  
  58  6:56  Zerg Flyer Weapons Level 1  
  55  7:07  Drone x4  
  47  7:25  Drone x2  
  47  7:26  Queen  
  51  7:32  Drone x2  
  53  7:38  Extractor  
  53  7:40  Drone  
  53  7:41  Drone  
  54  7:49  Drone  
  55  7:53  Drone  
  53  8:06  Drone x2  
  53  8:11  Drone x2  
  53  8:12  Queen  
  59  8:22  Mutalisk x2  
  63  8:34  Overseer  
  63  8:37  Hatchery  
  62  8:42  Drone x2  
  62  8:43  Mutalisk x2  
  62  8:47  Mutalisk  
  70  8:56  Mutalisk x3  
  70  8:59  Mutalisk  
  78  9:09  Zergling x4  
  80  9:10  Zerg Flyer Weapons Level 2  
  80  9:16  Zergling x6  
  83  9:24  Mutalisk  
  85  9:32  Zergling x4  
  87  9:39  Overlord  
  87  9:43  Hatchery  
  87  9:45  Hatchery  
  86  9:46  Mutalisk  
  86  9:47  Mutalisk x2  
  92  9:57  Queen  
  92  9:58  Mutalisk  
  95  10:05  Drone x3  
  98  10:07  Drone x2  
  98  10:13  Mutalisk x2  
  104  10:17  Drone  
  104  10:21  Drone x2  
  107  10:27  Mutalisk  
  109  10:30  Drone  
  109  10:31  Extractor  
  109  10:32  Extractor  
  108  10:46  Hatchery  
  107  10:50  Overlord  
  107  10:57  Mutalisk x3  
  113  11:05  Drone x2  
  113  11:07  Drone  
  112  11:14  Mutalisk  
  112  11:16  Drone x3  
  105  11:20  Mutalisk  
Show
View Real Time Build Order
Export as new Build Order

Reynor Zerg - Winner!

Build Orders: Hatch First 

Get SALT Encoding   

  12  0:00  Drone  
  13  0:12  Overlord  
  13  0:17  Drone  
  14  0:30  Drone x2  
  16  0:48  Hatchery  
  15  0:51  Drone  
  15  0:54  Drone  
  17  0:57  Drone  
  18  1:08  Extractor  
  17  1:13  Spawning Pool  
  17  1:16  Drone  
  17  1:19  Drone  
  18  1:27  Drone  
  19  1:38  Drone  
  20  1:50  Drone  
  21  1:59  Overlord  
  21  2:00  Queen x2  
  21  2:01  Zergling x2  
  26  2:08  Metabolic Boost  
  26  2:10  Drone  
  26  2:11  Drone  
  28  2:21  Drone  
  28  2:22  Drone  
  30  2:32  Hatchery  
  30  2:35  Drone  
  30  2:38  Drone  
  30  2:43  Drone  
  32  2:44  Overlord  
  32  2:54  Baneling Nest, Drone x2  
  33  3:05  Drone x2  
  35  3:08  Drone  
  36  3:13  Overlord  
  36  3:16  Zergling x8  
  36  3:17  Zergling x2  
  41  3:23  Evolution Chamber  
  41  3:26  Queen  
  42  3:28  Zergling x2  
  42  3:30  Drone  
  44  3:41  Drone  
  44  3:42  Drone x3  
  44  3:47  Overlord  
  48  3:50  Zerg Ground Armor Level 1  
  48  3:52  Drone x3  
  51  3:57  Zergling x4  
  51  3:58  Zergling x2  
  51  4:02  Baneling x2  
  54  4:03  Zergling x2  
  54  4:05  Zergling x2  
  54  4:07  Drone  
  57  4:11  Drone  
  57  4:15  Drone x2  
  60  4:17  Extractor  
  60  4:18  Extractor, Roach Warren, Drone  
  60  4:21  Overlord  
  60  4:24  Drone  
  59  4:27  Overlord  
  59  4:29  Drone  
  59  4:30  Drone  
  61  4:33  Drone  
  62  4:38  Overlord  
  59  4:53  Drone  
  59  4:56  Overlord  
  59  4:58  Roach x6  
  59  4:59  Roach  
  74  5:01  Zergling x4  
  76  5:08  Zergling x10  
  76  5:10  Zergling x6  
  84  5:15  Overlord  
  84  5:18  Roach x2  
  85  5:30  Zergling x6  
  88  5:35  Baneling x6  
  88  5:36  Baneling x4  
  88  5:37  Zergling x10  
  88  5:40  Zergling x2  
  88  5:41  Zergling x4  
  88  5:42  Zergling x2  
  97  5:43  Zergling x4  
  97  5:44  Baneling x2  
  97  5:48  Zergling x4  
  97  5:49  Baneling x2  
  101  5:51  Zergling x2  
  101  5:56  Zergling x2  
  102  6:01  Zergling x4  
  93  6:11  Zergling x2  
  93  6:12  Zergling x18  
  93  6:17  Roach x2  
  93  6:18  Roach  
  104  6:25  Zergling x2  
  99  6:28  Zergling x4  
  99  6:31  Queen x2  
  91  6:40  Drone  
  91  6:41  Drone x2  
  91  6:43  Queen  
  91  6:46  Zerg Melee Weapons Level 1  
  92  6:47  Drone  
  92  6:49  Drone x2  
  88  6:58  Drone  
  88  7:00  Drone x2  
  88  7:01  Drone x3  
  89  7:02  Drone  
  89  7:05  Drone x2  
  89  7:06  Queen  
  89  7:08  Drone x3  
  92  7:17  Spore Crawler  
  92  7:18  Spore Crawler  
  92  7:20  Queen  
  92  7:22  Spore Crawler  
  91  7:23  Drone x2  
  91  7:26  Lair  
  91  7:27  Zergling x8  
  94  7:30  Drone  
  94  7:31  Spore Crawler, Drone x2  
  94  7:32  Spore Crawler  
  94  7:34  Spore Crawler  
  94  7:38  Overlord  
  94  7:39  Overlord  
  94  7:49  Overlord  
  94  7:58  Zergling x14  
  100  8:00  Zergling x8  
  100  8:01  Zergling x4  
  100  8:04  Queen  
  105  8:06  Hatchery  
  105  8:07  Drone  
  105  8:11  Drone  
  104  8:13  Drone  
  104  8:14  Spore Crawler, Drone  
  104  8:15  Spore Crawler  
  104  8:17  Spore Crawler  
  103  8:22  Extractor x2  
  103  8:23  Extractor  
  103  8:24  Drone  
  103  8:26  Zergling x4  
  103  8:28  Drone  
  103  8:30  Overlord  
  103  8:33  Zergling x6  
  107  8:35  Drone x3  
  107  8:37  Drone  
  107  8:40  Queen  
  113  8:42  Zerg Melee Weapons Level 2  
  113  8:43  Spire  
  113  8:46  Overlord  
  113  8:47  Zergling x4  
  114  8:55  Overlord  
  113  8:57  Drone x3  
  113  8:59  Drone x2  
  117  9:05  Drone  
  117  9:06  Spore Crawler  
  117  9:07  Drone  
  118  9:10  Extractor  
  118  9:12  Drone  
  118  9:14  Extractor  
  115  9:17  Drone x2  
  115  9:20  Spore Crawler  
  115  9:21  Zergling x10  
  123  9:32  Overlord  
  120  9:51  Overlord  
  120  9:58  Mutalisk  
  120  9:59  Mutalisk x14  
  146  10:02  Mutalisk  
  147  10:08  Mutalisk  
  147  10:09  Mutalisk x2  
  147  10:13  Mutalisk  
  153  10:16  Overlord  
  153  10:19  Mutalisk  
  153  10:20  Roach  
  157  10:26  Overlord x2  
  157  10:34  Mutalisk x4  
  165  10:42  Mutalisk  
  163  10:46  Mutalisk  
  153  10:50  Zergling x24  
  153  10:51  Zergling x2  
  153  10:56  Mutalisk x2  
  169  10:57  Mutalisk  
  169  11:02  Mutalisk  
  173  11:09  Mutalisk  
  167  11:17  Mutalisk x2  
  167  11:20  Overlord  
  167  11:21  Drone x4  
  167  11:24  Mutalisk x2  
Tags
 
Add a new tag
Caveats
  • Supply blocks, unpowered buildings, or Contaminate may cause inaccurate times.
  • Supply counts are checked every 10 seconds.